 Dungeon Crawl Stone Soup version 0.31-a0-1099-g7fa767f3fe (webtiles) character file.

Game seed: 4155897863518944416

140 Azuregosa the Covert (level 5, 0/37 HPs)
             Began as an Octopode Delver on Dec 1, 2023.
             Slain by a gnoll bouda
             ... wielding a +0 whip
              (8 damage)
             ... on level 4 of the Dungeon.
             The game lasted 00:03:10 (310 turns).

Azuregosa the Covert (Octopode Delver)               Turns: 310, Time: 00:03:11

Health: 0/37       AC:  1    Str: 11    XL:     5   Next: 22%
Magic:  5/5        EV: 13    Int: 14    God:
Gold:   33         SH:  0    Dex: 14    Spells: 4/4 levels left

rFire   . . .        a - +0 falchion
rCold   . . .        (no shield)
rNeg    . . .        (helmet restricted)
rPois   .            (no amulet)
rElec   .            c - ring of flight
rCorr   .            (no ring)
SInv    .            (no ring)
Will    .....        (no ring)
Stlth   +++++        (no ring)
HPRegen 0.26/turn    (no ring)
MPRegen 0.09/turn    (no ring)
                     (no ring)

%: no passive effects
@: weakened, flying
A: almost no armour, amphibious, 8 rings, camouflage 1, gelatinous body 1,
(nimble swimmer 1), tentacles
a: no special abilities


You were on level 4 of the Dungeon.
You visited 1 branch of the dungeon, and saw 2 of its levels.

You collected 33 gold pieces.

Inventory:

Hand Weapons
 a - a +0 falchion (weapon)
Jewellery
 c - a ring of flight (left tentacle)
Wands
 f - a wand of digging (3)
Scrolls
 b - a scroll of fog
 g - a scroll of poison {unknown}
Potions
 e - a potion of haste
 h - a potion of ambrosia {unknown}


   Skills:
 + Level 3.7 Fighting
 - Level 2.0 Long Blades
 - Level 2.0 Dodging
 - Level 9.1 Stealth


You had 4 spell levels left.
You didn't know any spells.
Your spell library was empty.

Dungeon Overview and Level Annotations

Branches:
Dungeon (5/15)
 Temple: D:4-7

Altars:
Makhleb
Yredelemnul


Innate Abilities, Weirdness & Mutations

You cannot wear most types of armour.
You are amphibious.
You can wear up to eight rings at the same time.
Your skin changes colour to match your surroundings (Stealth+).
Your rubbery body absorbs attacks. (AC +1, EV +1)
((You are camouflaged when in or above water. (Stealth+)))
You have tentacles for arms and can constrict up to eight enemies at once.


Message History

The gnoll bouda shouts!
You grab the gnoll. You constrict the gnoll. The gnoll closely misses you.
You hit the gnoll.
The gnoll is moderately wounded.
You constrict the gnoll. The gnoll misses you.
The gnoll bouda barks out a call to the hunt!
The gnolls pick up the pace!
You hit the gnoll. You squeeze the gnoll.
You kill the gnoll!
An iguana comes into view.
The gnoll barely misses you.
You have reached level 5!
You feel agile.
You hit the gnoll. Your grab misses the gnoll. You squeeze the gnoll!
The gnoll is severely wounded.
The gnoll barely misses you.
You hit the gnoll. You grab the gnoll.
The gnoll is severely wounded.
You constrict the gnoll. The gnoll hits you with a +0 club.
You hit the gnoll.
The gnoll is almost dead.
You constrict the gnoll. The gnoll hits you with a +0 club.
You hit the gnoll.
You kill the gnoll!
You barely miss the gnoll. Your grab misses the gnoll.
The gnoll bouda gazes fiercely through you!
You feel your attacks grow feeble. The gnoll hits you with a +0 flail!
* * * LOW HITPOINT WARNING * * *
You hit the gnoll. You grab the gnoll. You squeeze the gnoll.
The gnoll is severely wounded.
You constrict the gnoll. The gnoll barely misses you.
You hit the gnoll.
You kill the gnoll!
As you read the scroll of fear, it crumbles to dust.
You assume a fearsome visage.
The iguana looks frightened!
The gnoll bouda resists with almost no effort.
The gnoll looks frightened! x2
The gnoll bouda hits you with a +0 whip!
You die...

############.####
#
#....@g.glg......
..
#.########.......
..
#.#......#.......
#.#.####.#.......
#.#.. #.#.......
#.######.#.?.....
#................
##.....#.########
##..###'#.#


You could see a gnoll bouda, an iguana (fleeing) and 2 gnolls.

Vanquished Creatures
  A scorpion (D:4)
  A hound (D:4)
  3 gnolls (D:4)
  2 adders (D:4)
  2 endoplasms (D:4)
  2 goblins (D:4)
11 creatures vanquished.

Notes
Turn   | Place    | Note
-------+----------+-------------------------------------------
     0 | D:5      | Azuregosa the Octopode Delver began the quest for the Orb.
     0 | D:5      | Reached XP level 1. HP: 16/16 MP: 1/1
    32 | D:5      | Found a basalt altar of Yredelemnul.
    83 | D:4      | Found a burning altar of Makhleb.
    83 | D:4      | Noticed a hound
    90 | D:4      | Killed a hound
    91 | D:4      | Reached skill level 7 in Stealth
    91 | D:4      | Reached XP level 2. HP: 9/21 MP: 2/2
    91 | D:4      | Reached XP level 3. HP: 11/26 MP: 3/3
   162 | D:4      | Reached skill level 8 in Stealth
   180 | D:4      | Noticed a scorpion
   191 | D:4      | Killed a scorpion
   192 | D:4      | Reached skill level 9 in Stealth
   192 | D:4      | Reached XP level 4. HP: 24/31 MP: 4/4
   303 | D:4      | Reached XP level 5. HP: 27/36 MP: 5/5
   310 | D:4      | Slain by a gnoll bouda

Illustrated notes

Levels and vault maps discovered:
D:4:      cheibrodos_pilgrimage, layout_basic, kennysheep_little_box,
          serial_library_hellmonk_secret_room, st_stairs_6
D:5:      layout_loops_ring, old_standard_altar, yredelemnul_altar_generic

Skill      XL: |  1  2  3 |
---------------+----------+-----
Stealth        | 7 9 |  9.1
Fighting       | |  3.7
Long Blades    | |  2.0
Dodging        | |  2.0

Action                     |  1- 3 |  4- 6 || total
---------------------------+-------+-------++-------
  Melee: Falchion          |    17 |    19 ||    36
         Tentacles         |     5 |     5 ||    10
         Constrict         |     4 |     4 ||     8
    Use: Scroll            |     1 |     1 ||     2
   Stab: Sleeping          |     3 |     2 ||     5
 Armour: Skin              |     9 |     6 ||    15
  Dodge: Dodged            |    17 |    10 ||    27

Table legend: (Time is in decaauts)
 A = Elapsed time spent in this place.
 B = Non-inter-level travel time spent in this place.
 C = Inter-level travel time spent in this place.
 D = Time resting spent in this place.
 E = Time spent auto-exploring this place.
 F = Levels seen in this place.
 G = Mean time per level.
                   A        B        C        D        E       F      G
               +--------+--------+--------+--------+--------+-----+--------+
         Total |    316 |    316 |      0 |     53 |     79 |   2 |  158.0 |
       Dungeon |    316 |    316 |      0 |     53 |     79 |   2 |  158.0 |
               +--------+--------+--------+--------+--------+-----+--------+

Top non-repeatable levels by time:
     D:4: 260 daAuts
     D:5: 56 daAuts
